 Dungeon Crawl Stone Soup version 0.27.1-34-g3ba077fa99 (webtiles) character file.

Game seed: 10875663266058625391

81 mcbry74 the Chopper (level 4, -3/39 HPs)
             Began as a Hill Orc Berserker on Jan 27, 2022.
             Was a Believer of Trog.
             Slain by a sky beast (5 damage)
             ... on level 3 of the Dungeon.
             The game lasted 00:04:13 (2566 turns).

mcbry74 the Chopper (Hill Orc Berserker)            Turns: 2566, Time: 00:04:13

Health: -3/39      AC:  2    Str: 20    XL:     4   Next: 42%
Magic:  4/4        EV: 11    Int:  7    God:    Trog [**....]
Gold:   119        SH:  0    Dex: 10    Spells: 3/3 levels left

rFire    . . .     SeeInvis .   a - +0 hand axe
rCold    . . .     Faith    .   (no shield)
rNeg     . . .     Spirit   .   b - +0 animal skin
rPois    .         Reflect  .   (no helmet)
rElec    .         Harm     .   (no cloak)
rCorr    .         Rampage  .   (no gloves)
Will     .....                  (no boots)
Stlth    +.........             (no amulet)
HPRegen  0.13/turn              (no ring)
MPRegen  0.09/turn              (no ring)

@: no status effects
A: no striking features
a: Renounce Religion, Berserk, Trog's Hand


You were on level 3 of the Dungeon.
You worshipped Trog.
Trog was pleased with you.
You visited 1 branch of the dungeon, and saw 3 of its levels.

You collected 119 gold pieces.

Inventory:

Hand Weapons
 a - a +0 hand axe (weapon)
Armour
 b - a +0 animal skin (worn)
Scrolls
 c - a scroll of amnesia {unknown}
 d - 2 scrolls of teleportation
 f - a scroll of enchant armour {unknown}
Potions
 e - a potion of brilliance {unknown}
 g - a potion of lignification {unknown}
 h - a potion of might {unknown}
 i - a potion of flight {unknown}


   Skills:
 - Level 3.6 Fighting
 + Level 6.7 Axes
 - Level 2.1 Armour
 - Level 1.5 Dodging


You had 3 spell levels left.
You didn't know any spells.
Your spell library was empty.

Dungeon Overview and Level Annotations

Branches:
Dungeon (3/15)

Altars:


Message History

You are poisoned.
The adder poisons you!
You barely miss the adder.
The adder is severely wounded.
You feel sick. The adder barely misses you.
You barely miss the adder.
The adder is severely wounded.
You feel sick. The adder closely misses you. x2
You hit the adder.
You kill the adder!
Trog accepts your kill.
You barely miss the ball python.
You feel sick. The ball python bites you. The ball python closely misses you.
You barely miss the sky beast. You hit the ball python.
You kill the ball python!
Trog accepts your kill.
You feel sick. The sky beast closely misses you.
You barely miss the sky beast.
You feel sick.
You are no longer poisoned.
The sky beast barely misses you.
You hit the sky beast.
The sky beast is lightly wounded.
The sky beast closely misses you.
You closely miss the sky beast.
The sky beast is lightly wounded.
The sky beast hits you. The sky beast shocks you.
You slash the sky beast!
The sky beast is moderately wounded.
The sky beast flickers out of sight!
Deactivating autopickup; reactivate with Ctrl-A.
Something hits you. Something shocks you.
You miss something. Something hits you.
* * * LOW HITPOINT WARNING * * *
Something shocks you.
* * * LOW HITPOINT WARNING * * *
There is a stone staircase leading up here.
Something hits you.
* * * LOW HITPOINT WARNING * * *
Something shocks you.
You die...

.... .. .... .
..... ##. ....#
....##.. ....#
..#...#.#
.....#
.......##
.....# #....##
#.....#
#@..##......#
#..##.........#
##.#...<......#
#.#...†.......
#.#...........
#.#..........>
#............#
.............#
..#...........#


There were no monsters in sight!

Vanquished Creatures
  2 adders
  A worm (D:2)
  3 dart slugs
  7 endoplasms
  3 giant cockroaches (D:2)
  8 goblins
  3 hobgoblins (D:1)
  A jackal (D:1)
  2 quokkas (D:2)
  7 ball pythons
  2 bats (D:1)
  A frilled lizard (D:1)
  7 kobolds
  3 rats (D:1)
50 creatures vanquished.

Vanquished Creatures (others)
  2 fungi (D:1)
  8 plants (D:1)
10 creatures vanquished.

Grand Total: 60 creatures vanquished

Notes
Turn   | Place    | Note
-------+----------+-------------------------------------------
     0 | D:1      | mcbry74 the Hill Orc Berserker began the quest for the Orb.
     0 | D:1      | Reached XP level 1. HP: 19/19 MP: 1/1
   292 | D:1      | Reached XP level 2. HP: 26/26 MP: 2/2
   504 | D:1      | Reached skill level 5 in Axes
   873 | D:1      | Found a faded altar of an unknown god.
   908 | D:1      | Reached XP level 3. HP: 30/31 MP: 3/3
   967 | D:1      | Reached ** piety under Trog
  1566 | D:2      | Reached skill level 6 in Axes
  1776 | D:2      | Reached XP level 4. HP: 36/39 MP: 4/4
  2550 | D:3      | Noticed a sky beast
  2566 | D:3      | Slain by a sky beast

Illustrated notes

Levels and vault maps discovered:
D:1:      dpeg_arrival_brainrot, layout_loops_ring,
          shapermc_ecumenical_altar_mp_urbaneastern, minmay_misc_feat_room
D:2:      layout_loops_ring, minmay_pentomino_s4
D:3:      layout_rooms, serial_shops, nicolae_shop_crystal,
          minmay_fractal_squares_5, uniq_jessica

Skill      XL: |  1  2  3 |
---------------+----------+-----
Axes           | 5 6 |  6.7
Fighting       | |  3.6
Armour         | |  2.1
Dodging        | |  1.5

Action                   |  1- 3 |  4- 6 || total
-------------------------+-------+-------++-------
Melee: Hand axe          |   104 |    36 ||   140
  Use: Scroll            |     1 |       ||     1
Armor: Animal skin       |    18 |     5 ||    23
Dodge: Dodged            |    39 |    20 ||    59
